AZL
SAN DIEGO (AZL) PADRES @ ARIZONA (AZL) DIAMONDBACKS
09/12/2098
 
TOP OF THE 1ST
San Diego (AZL) Padres batting - Pitching for Arizona (AZL) Diamondbacks : RHP Victor Solis
Pitching: RHP Victor Solis
Batting: RHB Elijah Hodge 0-0: Ball
1-0: Fly out, F7 (Line Drive, 78M, EV 106.3 MPH)
Batting: RHB Sean Hutchison 0-0: Called Strike
0-1: Ball
1-1: Swinging Strike
1-2: Strikes out swinging
Batting: LHB Danny Tellechea 0-0: Swinging Strike
0-1: Foul Ball, location: 23F
0-2: Ball
1-2: Fly out, F8 (Flyball, 8LM, EV 84.4 MPH)
Top of the 1st over - 0 runs, 0 hits, 0 errors, 0 left on base; San Diego (AZL) 0 - Arizona (AZL) 0
BOTTOM OF THE 1ST
Arizona (AZL) Diamondbacks batting - Pitching for San Diego (AZL) Padres : LHP Danny Ozuna
Pitching: LHP Danny Ozuna
Batting: RHB Nate Van Diepen 0-0: Ball
1-0: Called Strike
1-1: Foul Ball, location: 2F
1-2: Foul Ball, location: 9LMF
1-2: Ball
2-2: Hit by Pitch
Batting: SHB Danny Mauricio 0-0: Ball
1-0: Ball
2-0: Foul Ball, location: 7LDF
2-1: Foul Ball, location: 2F
2-2: Ball
3-2: Foul Ball, location: 2LF
3-2: Fly out, F7 (Flyball, 7, EV 93.8 MPH)
Batting: RHB Brian Noonan 0-0: Ball
1-0: Foul Ball, location: 5F
1-1: Grounds into double play, 5-4-3 (Groundball, 56, EV 81.9 MPH)
Bottom of the 1st over - 0 runs, 0 hits, 0 errors, 0 left on base; San Diego (AZL) 0 - Arizona (AZL) 0
TOP OF THE 2ND
San Diego (AZL) Padres batting - Pitching for Arizona (AZL) Diamondbacks : RHP Victor Solis
Batting: LHB Mark Calhoun 0-0: Ball
1-0: Called Strike
1-1: Ball
2-1: Ground out U3 (Groundball, 3, EV 96.9 MPH)
Batting: RHB Nate Staggs 0-0: Ball
1-0: Ball
2-0: Called Strike
2-1: Fly out, F8 (Flyball, 78S, EV 90.6 MPH)
Batting: LHB Matt Wilson 0-0: Ball
1-0: Swinging Strike
1-1: Foul Ball, location: 3F
1-2: Fly out, F5 (Popup, 5, EV 80.0 MPH)
Top of the 2nd over - 0 runs, 0 hits, 0 errors, 0 left on base; San Diego (AZL) 0 - Arizona (AZL) 0
BOTTOM OF THE 2ND
Arizona (AZL) Diamondbacks batting - Pitching for San Diego (AZL) Padres : LHP Danny Ozuna
Batting: RHB Sam Eide 0-0: Ball
1-0: Swinging Strike
1-1: Ball
2-1: DOUBLE (Line Drive, 9LS, EV 102.5 MPH)
Batting: RHB Rafael Rivera 0-0: Foul Ball, location: 2F
0-1: Swinging Strike
0-2: Ball
1-2: Hit by Pitch
Batting: RHB Carlos Baltazar 0-0: Swinging Strike
0-1: SINGLE (Line Drive, 89S, EV 100.6 MPH)
Sam Eide to third
Rafael Rivera to second
Batting: RHB Josh McGarry 0-0: Called Strike
0-1: Called Strike
0-2: Fly out, F8 (Flyball, 8RD, EV 94.4 MPH)
Runner from 3rd tags up, SCORES, throw by CF
Batting: LHB Richard Alvarado 0-0: Called Strike
0-1: Foul Ball, location: 2F
0-2: Fly out, F7 (Line Drive, 7D, EV 93.8 MPH)
Batting: RHB Matt Lancaster 0-0: Swinging Strike
0-1: Swinging Strike
0-2: Ball
1-2: Foul Ball, location: 7LSF
1-2: Strikes out swinging
Bottom of the 2nd over - 1 run, 2 hits, 0 errors, 2 left on base; San Diego (AZL) 0 - Arizona (AZL) 1
TOP OF THE 3RD
San Diego (AZL) Padres batting - Pitching for Arizona (AZL) Diamondbacks : RHP Victor Solis
Batting: RHB Tim Ferguson 0-0: Called Strike
0-1: Ball
1-1: Foul Ball, location: 2F
1-2: Strikes out looking
Batting: RHB Juan Sierra 0-0: Swinging Strike
0-1: Swinging Strike
0-2: Ball
1-2: Foul Ball, location: 2F
1-2: Strikes out looking
Batting: RHB Nick Urquiza 0-0: Called Strike
0-1: Ball
1-1: Foul Ball, location: 3SF
1-2: Strikes out swinging
Top of the 3rd over - 0 runs, 0 hits, 0 errors, 0 left on base; San Diego (AZL) 0 - Arizona (AZL) 1
BOTTOM OF THE 3RD
Arizona (AZL) Diamondbacks batting - Pitching for San Diego (AZL) Padres : LHP Danny Ozuna
Batting: RHB Nate Van Diepen 0-0: Ball
1-0: Foul Ball, location: 9LSF
1-1: Ball
2-1: Ball
3-1: Called Strike
3-2: Base on Balls
Batting: SHB Danny Mauricio 0-0: Foul Ball, location: 2F
0-1: Swinging Strike
0-2: Ball
1-2: Strikes out swinging
Batting: RHB Brian Noonan 0-0: Foul Ball, location: 2F
0-1: Swinging Strike
0-2: Foul Ball, location: 2F
0-2: SINGLE (Line Drive, 7S, EV 96.9 MPH)
Nate Van Diepen to second
Batting: RHB Sam Eide 0-0: Called Strike
0-1: Foul Ball, location: 2F
0-2: Strikes out looking
Batting: RHB Rafael Rivera 0-0: Ball
1-0: Fielders Choice at 2nd, U6 (Groundball, 6M, EV 81.9 MPH)
Bottom of the 3rd over - 0 runs, 1 hit, 0 errors, 2 left on base; San Diego (AZL) 0 - Arizona (AZL) 1
TOP OF THE 4TH
San Diego (AZL) Padres batting - Pitching for Arizona (AZL) Diamondbacks : RHP Victor Solis
Batting: RHB Elijah Hodge 0-0: Ball
1-0: Ball
2-0: Ball
3-0: Called Strike
3-1: Foul Ball, location: 2F
3-2: SINGLE (Line Drive, 78S, EV 105.0 MPH)
Batting: RHB Sean Hutchison 0-0: Ball
1-0: Ball
2-0: Foul Ball, location: 2F
2-1: Swinging Strike
2-2: Ball
3-2: SINGLE (Line Drive, 56D, EV 96.3 MPH)
Elijah Hodge to second
Batting: LHB Danny Tellechea 0-0: Ball
1-0: Called Strike
1-1: Ball
2-1: SINGLE (Groundball, 23, EV 66.9 MPH) (infield hit)
Elijah Hodge to third
Sean Hutchison to second
Batting: LHB Mark Calhoun 0-0: Called Strike
0-1: Ball
1-1: Called Strike
1-2: Ball
2-2: Strikes out swinging
Batting: RHB Art Groves 0-0: Foul Ball, location: 9LMF
0-1: Swinging Strike
0-2: Ball
1-2: Ball
2-2: Strikes out swinging
Batting: LHB Matt Wilson 0-0: Ball
1-0: Foul Ball, location: 2F
1-1: Foul Ball, location: 2F
1-2: Strikes out swinging
Top of the 4th over - 0 runs, 3 hits, 0 errors, 3 left on base; San Diego (AZL) 0 - Arizona (AZL) 1
BOTTOM OF THE 4TH
Arizona (AZL) Diamondbacks batting - Pitching for San Diego (AZL) Padres : LHP Danny Ozuna
Batting: RHB Carlos Baltazar 0-0: Foul Ball, location: 7LSF
0-1: Ball
1-1: SINGLE (Line Drive, 9S, EV 102.5 MPH)
Batting: RHB Josh McGarry 0-0: Called Strike
0-1: Ball
1-1: Bunt missed!
1-2: SINGLE (Line Drive, 78S, EV 105.0 MPH)
Carlos Baltazar to second
Batting: LHB Richard Alvarado 0-0: Called Strike
0-1: Ball
1-1: Swinging Strike
1-2: Foul Ball, location: 2F
1-2: Ball
2-2: Foul Ball, location: 7LDF
2-2: Ball
3-2: Ground out U3 (Groundball, 34S, EV 76.3 MPH)
Carlos Baltazar to third
Josh McGarry to second
Batting: RHB Matt Lancaster 0-0: Ball
1-0: Swinging Strike
1-1: Swinging Strike
1-2: Strikes out swinging
Pitching: LHP Nick Jones
Batting: RHB Nate Van Diepen 0-0: Called Strike
0-1: Swinging Strike
0-2: Strikes out swinging
Bottom of the 4th over - 0 runs, 2 hits, 0 errors, 2 left on base; San Diego (AZL) 0 - Arizona (AZL) 1
TOP OF THE 5TH
San Diego (AZL) Padres batting - Pitching for Arizona (AZL) Diamondbacks : RHP Victor Solis
Batting: RHB Tim Ferguson 0-0: Foul Ball, location: 5FF
0-1: Ball
1-1: Swinging Strike
1-2: Ball
2-2: Strikes out swinging
Batting: RHB Juan Sierra 0-0: Called Strike
0-1: Ball
1-1: Fly out, F9 (Flyball, 89M, EV 101.9 MPH)
Batting: RHB Nick Urquiza 0-0: Ball
1-0: Ball
2-0: Called Strike
2-1: Ball
3-1: Ground out 5-3 (Groundball, 56, EV 106.9 MPH)
Top of the 5th over - 0 runs, 0 hits, 0 errors, 0 left on base; San Diego (AZL) 0 - Arizona (AZL) 1
BOTTOM OF THE 5TH
Arizona (AZL) Diamondbacks batting - Pitching for San Diego (AZL) Padres : LHP Nick Jones
Batting: SHB Danny Mauricio 0-0: Ball
1-0: Foul Ball, location: 2F
1-1: Foul Ball, location: 2F
1-2: Ball
2-2: Ball
3-2: Foul Ball, location: 2F
3-2: Strikes out swinging
Pitching: RHP Dave Barnes
Batting: RHB Brian Noonan 0-0: SINGLE (Line Drive, 78M, EV 89.4 MPH)
Batting: RHB Sam Eide 0-0: Called Strike
0-1: Ground out 4-3 (Groundball, 4S, EV 64.4 MPH)
Brian Noonan to second
Batting: RHB Rafael Rivera 0-0: Ball
1-0: SINGLE (Groundball, 6MD, EV 100.6 MPH)
Brian Noonan to third
Runner from 3rd tries for Home, SAFE, throw by CF to home
Batting: RHB Carlos Baltazar 0-0: Ball
1-0: Ball
2-0: Ball
3-0: Base on Balls
Rafael Rivera to second
Batting: RHB Josh McGarry 0-0: Ball
1-0: Swinging Strike
1-1: Ball
2-1: Called Strike
2-2: Strikes out swinging
Bottom of the 5th over - 1 run, 2 hits, 0 errors, 2 left on base; San Diego (AZL) 0 - Arizona (AZL) 2
TOP OF THE 6TH
San Diego (AZL) Padres batting - Pitching for Arizona (AZL) Diamondbacks : RHP Victor Solis
Batting: RHB Elijah Hodge 0-0: Ball
1-0: Ball
2-0: Ground out 5-3 (Groundball, 5, EV 80.6 MPH)
Batting: RHB Sean Hutchison 0-0: Ball
1-0: Called Strike
1-1: Ball
2-1: Swinging Strike
2-2: Strikes out swinging
Batting: LHB Danny Tellechea 0-0: Called Strike
0-1: Foul Ball, location: 2F
0-2: Ball
1-2: Strikes out looking
Top of the 6th over - 0 runs, 0 hits, 0 errors, 0 left on base; San Diego (AZL) 0 - Arizona (AZL) 2
BOTTOM OF THE 6TH
Arizona (AZL) Diamondbacks batting - Pitching for San Diego (AZL) Padres : RHP Dave Barnes
Pitching: RHP Eric Morgan
Batting: LHB Richard Alvarado 0-0: SINGLE (Groundball, 25, EV 66.9 MPH) (infield hit)
Batting: RHB Matt Lancaster 0-0: Ball
1-0: Fly out, F4 (Flyball, 4MD, EV 95.6 MPH)
Batting: RHB Nate Van Diepen 0-0: Ball
1-0: Foul Ball, location: 23F
1-1: Fly out, F7 (Line Drive, 78S, EV 96.3 MPH)
Batting: SHB Danny Mauricio 0-0: Called Strike
0-1: Ball
1-1: Ground out 4-3 (Groundball, 34, EV 88.8 MPH)
Bottom of the 6th over - 0 runs, 1 hit, 0 errors, 1 left on base; San Diego (AZL) 0 - Arizona (AZL) 2
TOP OF THE 7TH
San Diego (AZL) Padres batting - Pitching for Arizona (AZL) Diamondbacks : RHP Victor Solis
Pitching: LHP Dylan Cliff
Batting: LHB Mark Calhoun 0-0: Called Strike
0-1: Ball
1-1: Foul Ball, location: 2F
1-2: Foul Ball, location: 3FF
1-2: Ball
2-2: Ball
3-2: Ground out 4-3 (Groundball, 4, EV 104.4 MPH)
Pitching: RHP Jonathan Maestas
Batting: RHB Art Groves 0-0: Called Strike
0-1: Swinging Strike
0-2: Strikes out swinging
Batting: LHB Matt Wilson 0-0: Ball
1-0: Called Strike
1-1: Ground out 5-3 (Groundball, 5S, EV 84.4 MPH)
Top of the 7th over - 0 runs, 0 hits, 0 errors, 0 left on base; San Diego (AZL) 0 - Arizona (AZL) 2
BOTTOM OF THE 7TH
Arizona (AZL) Diamondbacks batting - Pitching for San Diego (AZL) Padres : RHP Eric Morgan
Batting: RHB Brian Noonan 0-0: Called Strike
0-1: Ball
1-1: Ball
2-1: Ball
3-1: Called Strike
3-2: Base on Balls
Batting: RHB Sam Eide 0-0: Called Strike
0-1: Called Strike
0-2: Ball
1-2: Ball
2-2: Foul Ball, location: 5F
2-2: Grounds out, U3 (Groundball, 3L, EV 81.3 MPH)
Batting: RHB Rafael Rivera 0-0: Called Strike
0-1: Ball
1-1: Swinging Strike
1-2: Strikes out swinging
Batting: RHB Carlos Baltazar 0-0: Ball
1-0: Called Strike
1-1: Ball
2-1: Ball
3-1: Swinging Strike
3-2: Strikes out looking
Bottom of the 7th over - 0 runs, 0 hits, 0 errors, 1 left on base; San Diego (AZL) 0 - Arizona (AZL) 2
TOP OF THE 8TH
San Diego (AZL) Padres batting - Pitching for Arizona (AZL) Diamondbacks : RHP Jonathan Maestas
Now at 3B: Brian Noonan
Now in LF: John Stringfellow
Pinch Hitting: LHB Ryan Alger 0-0: Ball
1-0: Ball
2-0: Swinging Strike
2-1: Foul Ball, location: 23FF
2-2: Foul Ball, location: 2F
2-2: Strikes out swinging
Pinch Hitting: LHB Justin Lockhart 0-0: SINGLE (Line Drive, 89S, EV 86.9 MPH)
Pinch Hitting: RHB Bryce Young 0-0: Foul Ball, location: 9LMF
0-1: Ball
1-1: Ball
2-1: Fly out, F8 (Flyball, 8RM, EV 84.4 MPH)
Batting: RHB Elijah Hodge 0-0: Swinging Strike
0-1: Foul Ball, location: 2F
0-2: Foul Ball, location: 2F
0-2: Ball
1-2: Strikes out looking
Top of the 8th over - 0 runs, 1 hit, 0 errors, 1 left on base; San Diego (AZL) 0 - Arizona (AZL) 2
BOTTOM OF THE 8TH
Arizona (AZL) Diamondbacks batting - Pitching for San Diego (AZL) Padres : RHP Eric Morgan
Pitching: LHP Matt Magruder
Now at 1B: Ryan Alger
Now at 3B: Bryce Young
Now in LF: Justin Lockhart
Batting: RHB Josh McGarry 0-0: Foul Ball, location: 9LDF
0-1: Foul Ball, location: 2F
0-2: Ball
1-2: SINGLE (Line Drive, 78S, EV 106.9 MPH)
Batting: LHB Richard Alvarado 0-0: Ball
1-0: Grounds into double play, 4-6-3 (Groundball, 4, EV 104.4 MPH)
Batting: RHB Matt Lancaster 0-0: Ball
1-0: Called Strike
1-1: Foul Ball, location: 23F
1-2: Strikes out swinging
Bottom of the 8th over - 0 runs, 1 hit, 0 errors, 0 left on base; San Diego (AZL) 0 - Arizona (AZL) 2
TOP OF THE 9TH
San Diego (AZL) Padres batting - Pitching for Arizona (AZL) Diamondbacks : RHP Jonathan Maestas
Pitching: LHP Danny Torres
Batting: RHB Sean Hutchison 0-0: Called Strike
0-1: Ball
1-1: Fly out, F7 (Flyball, 7, EV 93.8 MPH)
Batting: LHB Danny Tellechea 0-0: Ball
1-0: Fly out, F8 (Line Drive, 89M, EV 98.8 MPH)
Batting: LHB Mark Calhoun 0-0: Ball
1-0: Ball
2-0: Ball
3-0: Called Strike
3-1: Ground out 4-3 (Groundball, 34D, EV 84.4 MPH)
Top of the 9th over - 0 runs, 0 hits, 0 errors, 0 left on base; San Diego (AZL) 0 - Arizona (AZL) 2
Sunday, April 14th , 2024 - OOTP Baseball 24.11 Build 85